 Dungeon Crawl Stone Soup version 0.30-a0-394-g3e4acdb0ae (webtiles) character file.

Game seed: 6569184224743220687

86 bande the Trooper (level 4, 0/29 HPs)
             Began as a Gargoyle Fighter on Dec 7, 2022.
             Constricted to death by Natasha (5 damage)
             ... on level 2 of the Dungeon.
             The game lasted 00:01:36 (923 turns).

bande the Trooper (Gargoyle Fighter)                 Turns: 923, Time: 00:01:37

Health: 0/29       AC: 10    Str: 20    XL:     4   Next: 50%
Magic:  4/4        EV:  6    Int:  8    God:
Gold:   58         SH:  4    Dex: 11    Spells: 2/3 levels left

rFire   . . .      SeeInvis .    a - +0 war axe
rCold   . . .      Faith    .    c - +0 buckler
rNeg    + . .      Spirit   .    b - +0 scale mail
rPois   ∞          Reflect  .    (no helmet)
rElec   +          Harm     .    (no cloak)
rCorr   .          Rampage  .    (no gloves)
Will    .....                    (no boots)
Stlth   ..........               (no amulet)
HPRegen 0.24/turn                (no ring)
MPRegen 0.09/turn                (no ring)

@: grasped by roots, constricted
A: sickness immunity, AC +3, negative energy resistance 1, electricity
resistance, torment resistance 1, petrification resistance
a: no special abilities


You were on level 2 of the Dungeon.
You visited 1 branch of the dungeon, and saw 2 of its levels.

You collected 58 gold pieces.

Inventory:

Hand Weapons
 a - a +0 war axe (weapon)
 n - a +0 morningstar
Armour
 b - a +0 scale mail (worn)
 c - a +0 buckler (worn)
Scrolls
 e - a scroll of noise {unknown}
 g - a scroll of fear {unknown}
 h - a scroll of poison {unknown}
 i - a scroll of enchant weapon {unknown}
 k - a scroll of torment {unknown}
 l - a scroll of brand weapon {unknown}
 m - a scroll of teleportation {unknown}
Potions
 d - a potion of might
 f - a potion of brilliance {unknown}
 j - a potion of attraction {unknown}


   Skills:
 + Level 4.0 Fighting
 + Level 2.8 Axes
 + Level 3.7 Armour
 + Level 3.5 Shields
 * Level 1.0 Translocations


You had 2 spell levels left.
You knew the following spells:

 Your Spells              Type           Power      Damage    Failure   Level
a - Apportation           Tloc           2%         N/A       71%         1

Your spell library contained the following spells:

 Spells                   Type           Power      Damage    Failure   Level
 Necrotise                Necr           0%         1d4       85%         1
 Summon Small Mammal      Summ           0%         N/A       85%         1


Dungeon Overview and Level Annotations

Branches:
Dungeon (2/15)

Altars:

Annotations:
D:2 Natasha


Innate Abilities, Weirdness & Mutations

You are immune to sickness and miasma.
Your stone body is resilient. (AC +3)
You are immune to poison.
You resist negative energy. (rN+)
You are resistant to electric shocks. (rElec)
You are resistant to unholy torment.
You are immune to petrification.


Message History

Natasha mumbles some strange words.
The endoplasm freezes you.
You are frozen.
You hit the endoplasm.
The endoplasm is moderately wounded.
The endoplasm hits you but does no damage. x2
You slash the endoplasm!
You kill the endoplasm!
You closely miss the shadow imp.
Natasha casts a spell.
The shadow imp barely misses you.
You slash the shadow imp!
The shadow imp is severely wounded.
The shadow imp gestures at you. Pain shoots through your body!
Natasha zaps a wand.
The roots erupt in riotous growth!
The grasping roots grab you!
Natasha is unaffected.
The shadow imp is unaffected.
The grasping roots constrict you. The shadow imp gestures at you.
Pain shoots through your body!
You hit the shadow imp.
The shadow imp is almost dead.
You slash the ball python!
You kill the ball python!
You hit Natasha but do no damage.
Natasha casts a spell.
The grasping roots constrict you.
You closely miss Natasha. You barely miss the shadow imp.
You hit the shadow imp.
You kill the shadow imp!
The shadow imp disappears in a puff of smoke!
Natasha barely misses you. The grasping roots constrict you.
You block the shadow imp's attack. Natasha claws you but does no damage.
The grasping roots constrict you. The shadow imp hits you.
* * * LOW HITPOINT WARNING * * *
You closely miss Natasha. You barely miss the shadow imp.
You closely miss the shadow imp.
The shadow imp hits you but does no damage.
You block Natasha's attack. The grasping roots constrict you.
You die...

#........##.# #.# #.#
#........##.# #.# #.#
#........##.####[# #.#
#.............##)###.#
......................
###$....##.#..#.#.#.#
#.....##...##.#.#..
..####†....#....##.#....
.....'5@........##.#....
.....#h§5..#.##.##.##...
........####.##.#...+...
###'#.#.# . .#.#####...
# #.#.# .# ##.. #.#.#
#.. #.#.# #.. #.# ###


You could see Natasha and 2 shadow imps.

Vanquished Creatures
  Terence (D:2)
  Natasha (D:2)
  An adder (D:2)
  3 dart slugs
  A ball python (D:2)
  3 endoplasms
  A goblin (D:1)
  3 kobolds
  A quokka (D:1)
  2 bats (D:1)
  3 frilled lizards (D:1)
  4 rats (D:1)
24 creatures vanquished.

Notes
Turn   | Place    | Note
-------+----------+-------------------------------------------
     0 | D:1      | bande the Gargoyle Fighter began the quest for the Orb.
     0 | D:1      | Reached XP level 1. HP: 14/14 MP: 1/1
    56 | D:1      | Found a faded altar of an unknown god.
   182 | D:1      | Reached XP level 2. HP: 19/19 MP: 2/2
   244 | D:1      | Learned a level 1 spell: Apportation
   573 | D:2      | Reached XP level 3. HP: 22/24 MP: 3/3
   662 | D:2      | Noticed Natasha
   674 | D:2      | Killed Natasha
   675 | D:2      | Reached skill level 4 in Fighting
   675 | D:2      | Reached XP level 4. HP: 10/29 MP: 4/4
   804 | D:2      | Noticed Terence
   820 | D:2      | Killed Terence
   821 | D:2      | Reached skill level 1 in Translocations
   915 | D:2      | Noticed Natasha
   923 | D:2      | Constricted to death by Natasha

Illustrated notes

Levels and vault maps discovered:
D:1:      onia_arrival_mini_spirals, layout_rooms, basic_ecumenical_altar
D:2:      layout_basic, serial_shops, nicolae_shop_stone, uniq_natasha,
          uniq_terence

Skill      XL: |  1  2  3  4 |
---------------+-------------+-----
Axes           | 2 |  2.8
Fighting       | 4 |  4.0
Translocations | 1 |  1.0
Armour         | |  3.7
Shields        | |  3.5

Action                   |  1- 3 |  4- 6 || total
-------------------------+-------+-------++-------
Melee: War axe           |    77 |    19 ||    96
Armor: Scale mail        |    41 |    10 ||    51
Dodge: Dodged            |    53 |     7 ||    60
Block: Buckler           |    14 |     4 ||    18

Table legend: (Time is in decaauts)
 A = Elapsed time spent in this place.
 B = Non-inter-level travel time spent in this place.
 C = Inter-level travel time spent in this place.
 D = Time resting spent in this place.
 E = Time spent auto-exploring this place.
 F = Levels seen in this place.
 G = Mean time per level.
                   A        B        C        D        E       F      G
               +--------+--------+--------+--------+--------+-----+--------+
         Total |    965 |    965 |      0 |    210 |    522 |   2 |  482.5 |
       Dungeon |    965 |    965 |      0 |    210 |    522 |   2 |  482.5 |
               +--------+--------+--------+--------+--------+-----+--------+

Top non-repeatable levels by time:
     D:1: 562 daAuts
     D:2: 403 daAuts
